 Dungeon Crawl Stone Soup version 0.30.1-9-gdf580d7c3d (webtiles) character file.

Game seed: 9599144185163966287

105 Edgeworth the Covered (level 4, -9/29 HPs)
             Began as a Gargoyle Fighter on Oct 14, 2023.
             Mangled by an ogre
             ... wielding a +0 giant club
              (16 damage)
             ... on level 3 of the Dungeon.
             The game lasted 00:03:18 (1919 turns).

Edgeworth the Covered (Gargoyle Fighter)            Turns: 1919, Time: 00:03:19

Health: -9/29      AC: 13    Str: 22    XL:     4   Next: 83%
Magic:  4/4        EV:  8    Int:  8    God:
Gold:   169        SH:  4    Dex:  9    Spells: 3/3 levels left

rFire   . . .        a - +0 flail
rCold   . . .        c - +0 buckler
rNeg    + . .        v - +0 chain mail
rPois   ∞            (no helmet)
rElec   +            (no cloak)
rCorr   .            (no gloves)
SInv    .            (no boots)
Will    .....        (no amulet) Stlth
                     (no ring)
HPRegen 0.24/turn    (no ring)
MPRegen 0.09/turn

%: no passive effects
@: no status effects
A: sickness immunity, AC +3, negative energy resistance 1, electricity
resistance, torment resistance 1, petrification resistance
a: no special abilities


You were on level 3 of the Dungeon.
You visited 1 branch of the dungeon, and saw 3 of its levels.

You collected 169 gold pieces.

Inventory:

Hand Weapons
 a - a +0 flail (weapon)
 o - a +1 spear of flaming
Armour
 c - a +0 buckler (worn)
 v - a +0 chain mail (worn)
Magical Staves
 n - a staff of cold
Jewellery
 b - a ring of magical power
 r - an amulet of faith
Wands
 p - a wand of digging (3)
Scrolls
 e - a scroll of magic mapping {unknown}
 h - a scroll of poison {unknown}
 l - a scroll of fear {unknown}
 q - 2 scrolls of identify {unknown}
 s - a scroll of teleportation {unknown}
 t - a scroll of fog {unknown}
 w - a scroll of blinking {unknown}
Potions
 d - a potion of might
 f - 3 potions of haste {unknown}
 g - 2 potions of magic {unknown}
 i - 2 potions of mutation {unknown}
 j - a potion of curing {unknown}
 k - a potion of invisibility {unknown}
 m - 2 potions of flight {unknown}
 u - 2 potions of heal wounds {unknown}
 x - a potion of cancellation {unknown}


   Skills:
 + Level 3.9 Fighting
 + Level 3.2 Maces & Flails
 + Level 4.0 Armour
 + Level 4.0 Shields


You had 3 spell levels left.
You didn't know any spells.
Your spell library contained the following spells:

 Spells                   Type           Power      Damage    Failure   Level
 Sting                    Tmut/Pois      0%         1d3       98%         1
 Lesser Beckoning         Tloc           0%         N/A       99%         2
 Gell's Gravitas          Tloc           0%         N/A       100%        3
 Teleport Other           Tloc           0%         N/A       100%        3


Dungeon Overview and Level Annotations

Branches:
Dungeon (3/15)

Altars:

Shops:
D:1 =:?(

Annotations:
D:1 2 transporters


Innate Abilities, Weirdness & Mutations

You are immune to sickness and miasma.
Your stone body is resilient. (AC +3)
You are immune to poison.
You resist negative energy. (rN+)
You are resistant to electric shocks. (rElec)
You are resistant to unholy torment.
You are immune to petrification.


Message History

The hobgoblin barely misses you.
You barely miss the hobgoblin. The hobgoblin closely misses you.
You closely miss the hobgoblin. You block the hobgoblin's attack.
You hit the hobgoblin but do no damage. The hobgoblin barely misses you.
You thump the hobgoblin!
You kill the hobgoblin!
x - a metallic orange potion You see here a hobgoblin corpse.
Found 11 gold pieces.
You now have 134 gold pieces (gained 11).
You now have 144 gold pieces (gained 10).
You now have 153 gold pieces (gained 9).
A hobgoblin comes into view.
The hobgoblin shouts!
You closely miss the hobgoblin.
The hobgoblin hits you but does no damage.
You thump the hobgoblin!
You kill the hobgoblin!
i - 2 purple potions (gained 1)
You now have 163 gold pieces (gained 10).
You now have 169 gold pieces (gained 6).
An ogre comes into view. It is wielding a +0 giant club.
The ogre shouts!
You barely miss the ogre. The ogre barely misses you.
You sock the ogre!
The ogre is moderately wounded.
The ogre hits you with a +0 giant club!!
Ouch! That really hurt!
* * * LOW HITPOINT WARNING * * *
You barely miss the ogre.
The ogre is moderately wounded.
You block the ogre's attack.
You barely miss the ogre.
The ogre is moderately wounded.
The ogre closely misses you.
You hit the ogre.
The ogre is moderately wounded.
The ogre hits you with a +0 giant club!
Ouch! That really hurt!
You die...

#.# #.#
#.###
#.#..
###.#.#
#...#.#
#.###.#
#.# #O#
#.# #@#
#.###.#
#.....#
#######


You could see an ogre.

Vanquished Creatures
  3 gnolls (D:2)
  3 adders
  2 worms (D:2)
  A dart slug (D:1)
  4 endoplasms (D:1)
  3 goblins
  5 hobgoblins
  3 jackals (D:2)
  2 quokkas
  A ball python (D:1)
  4 bats
  4 frilled lizards
  3 giant cockroaches (D:1)
  3 kobolds
  A rat (D:1)
42 creatures vanquished.

Notes
Turn   | Place    | Note
-------+----------+-------------------------------------------
     0 | D:1      | Edgeworth the Gargoyle Fighter began the quest for the Orb.
     0 | D:1      | Reached XP level 1. HP: 14/14 MP: 1/1
    44 | D:1      | Found Waffaadgh's Book Emporium.
   108 | D:1      | Reached XP level 2. HP: 19/19 MP: 2/2
   143 | D:1      | Found a faded altar of an unknown god.
   173 | D:1      | Got Plato's Catalogue of Contaminants
   380 | D:1      | Found Jaowu's Antique Weapon Boutique.
   434 | D:1      | Found a transporter.
   443 | D:1      | Found Ynio's Magic Scroll Emporium.
   562 | D:1      | Found a transporter.
   631 | D:1      | Found Eshru's Jewellery Boutique.
   856 | D:2      | Reached XP level 3. HP: 14/24 MP: 3/3
   988 | D:2      | Reached XP level 4. HP: 29/29 MP: 4/4
  1912 | D:3      | Noticed an ogre
  1919 | D:3      | Mangled by an ogre

Illustrated notes

Levels and vault maps discovered:
D:1:      eino_arrival_water_star, layout_loops_cross, serial_shops,
          nicolae_shop_peninsula, nicolae_shop_temple_entry_statues_fountains,
          nicolae_shop_drivethru, shop, serial_forest,
          infiniplex_forest_zigzag_1, infiniplex_forest_lined_2,
          infiniplex_forest_straight_3, infiniplex_forest_clump_small,
          infiniplex_forest_zigzag_2, infiniplex_forest_lined_3,
          shapermc_ecumenical_altar_rom_forum
D:2:      layout_loops_ring
D:3:      layout_loops_ring, serial_forest, infiniplex_forest_lined_room_2,
          infiniplex_forest_clump_tiny, infiniplex_forest_clump_small,
          infiniplex_forest_end_2, corner_web_ring

Skill      XL: |  1  2  3  4 |
---------------+-------------+-----
Maces & Flails | 3 |  3.2
Armour         | 4 |  4.0
Shields        | 4 |  4.0
Fighting       | |  3.9

Action                     |  1- 3 |  4- 6 || total
---------------------------+-------+-------++-------
  Melee: Flail             |    65 |    98 ||   163
 Armour: Scale mail        |    31 |    50 ||    81
         Chain mail        |       |     6 ||     6
  Dodge: Dodged            |    31 |    37 ||    68
  Block: Buckler           |    21 |    23 ||    44
